 Dungeon Crawl Stone Soup version 0.23.2-30-g0e89c35649 (webtiles) character file.

Game seed: 0

175572 geeseburger the Warrior (level 16, -4/181 HPs)
             Began as a Demigod Fighter on Mar 1, 2019.
             Killed from afar by Aizul (14 damage)
             ... with a bolt of poison
             ... on level 2 of the Elven Halls on June 15, 2019.
             The game lasted 02:20:00 (33602 turns).

geeseburger the Warrior (Demigod Fighter)          Turns: 33602, Time: 02:20:01

Health: -4/181     AC: 20    Str: 21    XL:     16   Next: 93%
Magic:  19/19      EV: 25    Int: 12    God:
Gold:   2144       SH: 23    Dex: 27    Spells: 14/15 levels left

rFire    . . .     SeeInvis +   N - +4 demon blade (venom)
rCold    . . .     Gourm    .   C - +5 shield
rNeg     . . .     Faith    .   l - +1 troll leather armour
rPois    .         Spirit   .   I - +1 hat
rElec    .         Reflect  +   W - +2 cloak
rCorr    .         Harm     .   j - +2 pair of gloves
MR       +....                  w - +2 pair of boots
Stlth    ++........             Q - +3 amulet of reflection
HPRegen  0.80/turn              P - ring "Fomif" {Dex+2 SInv}
MPRegen  0.16/turn              X - +5 ring of protection

@: lethally poisoned (-4 -> -35), studying Translocations
A: horns 1, high mp 1, sense surroundings 1, robust 2, strong 1, subdued magic 1
a: no special abilities


You were on level 2 of the Elven Halls.
You were not hungry.

You visited 6 branches of the dungeon, and saw 27 of its levels.
You also visited: Sewer and Ossuary.

You collected 2704 gold pieces.
You spent 560 gold pieces at shops.

Inventory:

Hand Weapons
 H - a +4 scimitar of freezing
 J - the +6 long sword "Duck" {freeze, +Blink}
   (You took it off a deep elf mage on level 1 of the Elven Halls)

   It has been specially enchanted to freeze those struck by it, causing extra
   injury to most foes and up to half again as much damage against particularly
   susceptible opponents.
   It can also slow down cold-blooded creatures.
   It lets you blink.
 N - a +4 demon blade of venom (weapon)
 V - a +4 scimitar of flaming
Armour
 g - a +2 leather armour of poison resistance
 j - a +2 pair of gloves (worn)
 l - a +1 troll leather armour (worn)
 w - a +2 pair of boots (worn)
 C - a +5 shield (worn)
 I - a +1 hat (worn)
 W - a +2 cloak (worn)
Jewellery
 n - a +3 ring of dexterity
 v - an uncursed ring of ice {unknown}
 B - an uncursed ring of protection from cold
 L - a +3 ring of intelligence
 P - the ring "Fomif" (left hand) {Dex+2 SInv}
   (You bought it in a shop on level 10 of the Dungeon)

   [ring of see invisible]

   It affects your dexterity (+2).
   It lets you see invisible.
 Q - a +3 amulet of reflection (around neck)
 X - a +5 ring of protection (right hand)
Wands
 e - a wand of clouds (6)
 M - a wand of digging (5)
 S - a wand of paralysis (21)
 T - a wand of disintegration (5)
 U - a wand of iceblast (7)
Scrolls
 h - 17 scrolls of teleportation
 p - a scroll of vulnerability {unknown}
 r - 2 scrolls of magic mapping
 s - 7 scrolls of fear
 t - 7 scrolls of blinking
 u - 7 scrolls of remove curse
 y - 2 scrolls of fog
 A - a scroll of brand weapon
 E - 5 scrolls of amnesia
 G - a scroll of holy word {unknown}
 Y - a scroll of silence
Potions
 a - 4 potions of haste
 b - a potion of brilliance
 c - a potion of invisibility
 d - 3 potions of might
 i - 2 potions of berserk rage
 k - 9 potions of curing
 m - a potion of mutation
 o - 4 potions of agility
 q - 3 potions of magic
 x - 6 potions of lignification
 z - 2 potions of ambrosia
 F - 2 potions of degeneration {unknown}
 K - a potion of flight {unknown}
 O - 4 potions of cancellation
Books
 D - a manual of Translocations
Comestibles
 f - 16 rations


   Skills:
 * Level 16.0 Fighting
   Level 4.1(10.7) Short Blades
 + Level 14.8(15.0) Long Blades
 - Level 3.1 Armour
 + Level 12.3 Dodging
 + Level 14.9 Shields


You had 14 spell levels left.
You knew the following spells:

 Your Spells              Type           Power        Failure   Level  Hunger
a - Flame Tongue          Conj/Fire      #....        32%         1    ##.....

Your spell library contained the following spells:

 Spells                   Type           Power        Failure   Level  Hunger
 Animate Skeleton         Necr           N/A          32%         1    ##.....
 Confusing Touch          Hex            #.....       32%         1    ##.....
 Corona                   Hex            #......      32%         1    ##.....
 Magic Dart               Conj           #...         32%         1    ##.....
 Pain                     Necr           #...         32%         1    ##.....
 Sandblast                Erth           #.....       32%         1    ##.....
 Blink                    Tloc           N/A          45%         2    ###....
 Call Imp                 Summ           #.......     45%         2    ###....
 Corpse Rot               Necr           N/A          45%         2    ###....
 Ensorcelled Hibernation  Hex/Ice        #.....       45%         2    ###....
 Passwall                 Tmut/Erth      #.......     45%         2    ###....
 Poisonous Vapours        Pois/Air       #.....       45%         2    ###....
 Shroud of Golubria       Chrm/Tloc      #.........   45%         2    ###....
 Slow                     Hex            #.......     45%         2    ###....
 Sublimation of Blood     Necr           #.........   45%         2    ###....
 Throw Flame              Conj/Fire      #.....       45%         2    ###....
 Confuse                  Hex            #.......     71%         3    ####...
 Conjure Flame            Conj/Fire      #.......     71%         3    ####...
 Dazzling Spray           Conj/Hex       #.....       71%         3    ####...
 Gell's Gravitas          Tloc           #.........   71%         3    ####...
 Inner Flame              Hex/Fire       #.......     71%         3    ####...
 Lesser Beckoning         Tloc           #.........   71%         3    ####...
 Mephitic Cloud           Conj/Pois/Air  #.......     71%         3    ####...
 Portal Projectile        Hex/Tloc       #.....       71%         3    ####...
 Regeneration             Chrm/Necr      #.........   71%         3    ####...
 Stone Arrow              Conj/Erth      #.....       71%         3    ####...
 Teleport Other           Tloc           #.......     71%         3    ####...
 Tukima's Dance           Hex            #.......     71%         3    ####...
 Vampiric Draining        Necr           #.........   71%         3    ####...
 Animate Dead             Necr           N/A          98%         4    #####..
 Cause Fear               Hex            #.........   98%         4    #####..
 Leda's Liquefaction      Hex/Erth       #.........   98%         4    #####..
 Passage of Golubria      Tloc           N/A          98%         4    #####..
 Petrify                  Tmut/Erth      #.......     98%         4    #####..
 Sticky Flame             Conj/Fire      #.......     98%         4    #####..
 Agony                    Necr           #.......     100%        5    ######.
 Bolt of Draining         Conj/Necr      #.........   100%        5    ######.
 Bolt of Magma            Conj/Fire/Erth #.........   100%        5    ######.
 Dispel Undead            Necr           #.......     100%        5    ######.
 Excruciating Wounds      Chrm/Necr      #.........   100%        5    ######.
 Fireball                 Conj/Fire      #.........   100%        5    ######.
 Iskenderun's Battlesphe  Conj/Chrm      #.......     100%        5    ######.
 Lee's Rapid Deconstruct  Erth           #.........   100%        5    ######.
 Metabolic Englaciation   Hex/Ice        #.........   100%        5    ######.
 Venom Bolt               Conj/Pois      #.........   100%        5    ######.
 Yara's Violent Unravell  Hex/Tmut       #.........   100%        5    ######.
 Freezing Cloud           Conj/Ice/Air   #.........   100%        6    #######
 Iron Shot                Conj/Erth      #.........   100%        6    #######
 Malign Gateway           Summ/Tloc      #.........   100%        7    #######
 Monstrous Menagerie      Summ           #.........   100%        7    #######
 Orb of Destruction       Conj           #.........   100%        7    #######
 Ring of Flames           Chrm/Fire      #.........   100%        7    #######
 Spellforged Servitor     Conj/Summ      #.........   100%        7    #######
 Summon Greater Demon     Summ           #.........   100%        7    #######
 Summon Horrible Things   Summ           #.........   100%        8    #######


Dungeon Overview and Level Annotations

Branches:
Dungeon (15/15)            Temple (0/1) D:5            Lair (6/6) D:10
 Shoals (1/4) Lair:4        Snake (0/4) Lair:3        Slime (1/5) Lair:6
    Orc (2/2) D:9             Elf (2/3) Orc:2        Vaults (0/5) D:13
 Depths (0/5) D:15

Shops:
D:4 :}%[   D:10 [*[=}   D:12 (   Orc:2 :=(=

Portals:
Trove: D:11 (give +5 ice dragon scales)

Annotations:
D:5 2 transporters
Lair:2 exclusion: 3 oklob plants
Elf:2 Aizul


Innate Abilities, Weirdness & Mutations

You have an increased reservoir of magic. (+10% MP)
You have a pair of small horns on your head.
You passively map a small area around you.
You are very robust. (+20% HP)
Your muscles are strong. (Str +2)
Your spells are a little easier to cast, but a little less powerful.


Message History

You block Aizul's attack. Aizul hits you but does no damage.
Aizul casts a spell at you. The poison arrow hits you!!
You are poisoned.
* * * LOW HITPOINT WARNING * * *
A deep elf mage comes into view. It is wielding a +0 long sword.
You feel sick. Aizul casts a spell at you. The bolt of poison hits you!
You are more poisoned.
* * * LOW HITPOINT WARNING * * *
* * * LOW HITPOINT WARNING * * *
You feel very sick.
The deep elf mage shouts!
Aizul looks more healthy.
Aizul casts a spell at you. The bolt of poison hits you!
You are more poisoned.
You die...

,, #.....#((## ,
#.....#''##
#.........## , ,
#....e.....## ####
#.......))..######..#
,
#...........##...'...
#..........)(...##...
,
#..)..#[....##.###...
#...@.##....##.# #...
#.....#...####.###...
,
#..........###...'...
#..SE.......'....'...
,
#...........##..##...
,
#....>......##..###..
* , #...........##..#
##. * , ,
#.....#.....##..# #'
* ,,,
#.....##....##..# #.


You could see Aizul, an earth elemental and a deep elf mage.

Vanquished Creatures
  Rupert (D:12)
  Gastronok (D:9)
  The ghost of misha the Severer, an adept MiFi of Trog (Lair:6)
  A deep elf sorcerer (Elf:1)
  Nessos (D:12)
  2 deep elf demonologists
  6 dire elephants (Lair:6)
  Azrael (D:15)
  A deep elf death mage (Elf:2)
  2 merfolk impalers (Shoals:1)
  Josephine (D:12)
  2 death oozes (Lair:6)
  Erolcha (D:9)
  A yaktaur captain (D:15)
  2 vault guards (D:13)
  11 hydras
  Harold (Lair:1)
  An anaconda (Lair:6)
  3 centaur warriors (D:15)
  25 dancing weapons
  12 two-headed ogres
  A two-headed ogre (shapeshifter) (Elf:2)
  2 ogre magi (Orc:2)
  5 death yaks (Lair:3)
  An orc high priest (D:9)
  18 deep elf knights
  Sonja (D:13)
  2 unseen horrors
  A small abomination (Elf:2)
  5 skeletal warriors (D:15)
  9 deep elf archers
  2 deep trolls (Orc:1)
  Pikel (D:6)
  An orc knight (D:15)
  2 wolf spider zombies
  4 orc sorcerers
  3 fauns (Shoals:1)
  8 ugly things
  48 deep elf magi
  3 cyclopes
  6 manticores
  3 black mambas (Lair:6)
  A merfolk siren (Shoals:1)
  14 elephants
  Joseph (D:10)
  3 gargoyles
  10 spiny frogs
  4 rime drakes
  2 redback zombies (D:13)
  A yaktaur (D:15)
  3 komodo dragons
  A freezing wraith (D:14)
  An efreet (D:15)
  The ghost of dengdeng the Skirmisher, an amateur MiBe of Trog (D:4)
  13 trolls
  4 merfolk (Shoals:1)
  2 hornets
  2 snapping turtles (Shoals:1)
  14 hippogriffs
  8 slime creatures
  18 blink frogs
  17 dream sheep (Lair:6)
  5 water elementals
  46 yaks
  3 air elementals
  9 wyverns
  4 fire elementals
  8 wraiths
  Eustachio (D:6)
  9 humans
  2 hungry ghosts
  4 vampire mosquitoes
  6 basilisks
  A steam dragon (Lair:4)
  5 nagas (Lair:3)
  16 water moccasins
  3 wargs
  3 soldier ants
  5 hell hounds
  10 porcupines
  A meliai simulacrum (D:15)
  5 ice beasts
  3 sky beasts
  3 black bears
  17 orc warriors
  3 phantoms
  A necrophage (D:12)
  7 wolves
  29 ogres
  6 centaurs
  10 crocodiles
  5 big kobolds
  16 bullfrogs
  2 earth elementals (Elf:2)
  A wyvern skeleton (D:11)
  6 scorpions
  A hornet simulacrum (D:15)
  11 wights
  14 killer bees
  3 howler monkeys
  2 bullfrog zombies
  3 electric eels
  7 crimson imps
  3 centaur zombies
  3 quasits
  9 hounds
  4 bullfrog skeletons
  11 jellies
  9 orc priests
  5 centaur skeletons
  5 iguanas
  17 orc wizards
  13 worker ants
  2 killer bee zombies
  2 hound skeletons
  14 mummies
  A worker ant zombie (D:11)
  4 gnolls (D:5)
  11 adders
  3 shadow imps
  7 oozes
  2 adder zombies
  2 adder skeletons
  3 worms
  2 dart slugs (D:2)
  5 leopard geckos
  69 orcs
  3 ball pythons
  3 bats (D:2)
  6 giant cockroaches
  9 goblins
  11 hobgoblins
  9 jackals
  24 kobolds
  10 quokkas
  6 frilled lizards
  A goblin skeleton (Ossuary)
  2 kobold skeletons (Ossuary)
  A leopard gecko zombie (D:5)
  5 orc skeletons (Ossuary)
  A quokka skeleton (D:6)
  A quokka zombie (D:7)
  16 rats
  11 rat skeletons (Ossuary)
  3 crawling corpses (Elf:2)
  5 plants
952 creatures vanquished.

Vanquished Creatures (others)
  2 vault guards (D:13)
  A deep elf archer (Elf:2)
  2 deep elf magi (Elf:1)
  A cyclops (Orc:2)
  A slave (D:6)
  An ogre (D:6)
  A centaur (D:12)
  An orc wizard (Orc:1)
  12 fungi
  12 plants
34 creatures vanquished.

Grand Total: 986 creatures vanquished

Notes
Turn   | Place    | Note
-------+----------+-------------------------------------------
     0 | D:1      | geeseburger the Demigod Fighter began the quest for the
                  | Orb.
     0 | D:1      | Reached XP level 1. HP: 18/18 MP: 3/3
   390 | D:1      | Reached skill level 3 in Fighting
   543 | D:1      | Reached XP level 2. HP: 26/26 MP: 4/4
   809 | D:1      | Reached skill level 1 in Dodging
   925 | D:2      | Reached XP level 3. HP: 31/31 MP: 5/5
  1459 | D:2      | Found a basalt altar of Yredelemnul.
  1788 | D:3      | Reached skill level 7 in Fighting
  1788 | D:3      | Reached skill level 5 in Shields
  1788 | D:3      | Reached XP level 4. HP: 47/47 MP: 6/6
  1789 | D:3      | Reached skill level 9 in Fighting
  1789 | D:3      | Reached XP level 5. HP: 57/57 MP: 7/7
  1825 | D:3      | Found a glowing silver altar of Zin.
  1843 | D:3      | Reached XP level 6. HP: 54/63 MP: 8/8
  2399 | D:3      | Found a glowing drain.
  2403 | Sewer    | Entered a sewer
  2632 | Sewer    | Reached XP level 7. HP: 70/70 MP: 9/9
  2770 | D:4      | Found a transporter.
  2770 | D:4      | Found a transporter.
  2770 | D:4      | Noticed dengdeng's ghost (amateur MiBe)
  2771 | D:4      | Identified the +1 great mace "Kekhio" {speed, *Drain rF+
                  | rC+ Str+4}
  2805 | D:4      | Found a snail-covered altar of Cheibriados.
  2856 | D:4      | Found a hide-covered altar of Uskayaw.
  2934 | D:4      | Found a shimmering altar of Xom.
  2979 | D:4      | Found a sparkling altar of Nemelex Xobeh.
  2992 | D:4      | Found Mookhla's Food Shoppe.
  3252 | D:4      | Found Riarysmont's Antique Armour Emporium.
  3274 | D:4      | Found Syhaef's Gadget Shoppe.
  3288 | D:4      | Found Rozeak's Book Shoppe.
  3358 | D:4      | Found a deep blue altar of Sif Muna.
  4370 | D:4      | Killed dengdeng's ghost
  4581 | D:5      | Entered Level 5 of the Dungeon
  4596 | D:5      | Reached XP level 8. HP: 79/79 MP: 10/10
  4672 | D:5      | Found a transporter.
  4722 | D:5      | Found a transporter.
  5121 | D:5      | Found a sand-covered staircase.
  5135 | Ossuary  | Entered an ossuary
  6087 | D:5      | Found a staircase to the Ecumenical Temple.
  6142 | D:5      | Found a hazy altar of Hepliaklqana.
  6420 | D:5      | Reached skill level 10 in Fighting
  6932 | D:6      | Noticed Pikel
  6953 | D:6      | Killed Pikel
  6953 | D:6      | Reached XP level 9. HP: 85/85 MP: 11/11
  8089 | D:7      | Noticed Eustachio
  8150 | D:6      | Killed Eustachio
  8421 | D:7      | Gained mutation: You passively map a small area around you.
                  | [potion of mutation]
  8421 | D:7      | Gained mutation: Potions are less effective at restoring
                  | your health. [potion of mutation]
  8421 | D:7      | Gained mutation: You are robust. (+10% HP) [potion of
                  | mutation]
  8421 | D:7      | Gained mutation: You have a pair of small antennae on your
                  | head. [potion of mutation]
  8422 | D:7      | Lost mutation: Potions are less effective at restoring your
                  | health. [potion of mutation]
  8422 | D:7      | Lost mutation: You have a pair of small antennae on your
                  | head. [potion of mutation]
  8422 | D:7      | Gained mutation: You have a pair of small horns on your
                  | head. [potion of mutation]
  8422 | D:7      | Gained mutation: You are very robust. (+20% HP) [potion of
                  | mutation]
  8422 | D:7      | Gained mutation: Your spells are a little easier to cast,
                  | but a little less powerful. [potion of mutation]
  8422 | D:7      | Gained mutation: Your muscles are strong. (Str +2) [potion
                  | of mutation]
  8563 | D:7      | Found a snail-covered altar of Cheibriados.
  8615 | D:7      | Got a heavily runed platinum ring
  8626 | D:7      | Identified the ring "Fipnilo" {*Tele *Slow Str+9 Int-4}
                  | (You found it on level 7 of the Dungeon)
  8690 | D:7      | Found a burning altar of Makhleb.
  9320 | D:8      | Reached skill level 11 in Fighting
  9340 | D:8      | Reached XP level 10. HP: 114/114 MP: 13/13
  9508 | D:8      | Learned a level 1 spell: Flame Tongue
  9949 | D:9      | Found a staircase to the Orcish Mines.
 10016 | D:9      | Noticed Erolcha
 10028 | D:9      | Noticed Gastronok
 10040 | D:9      | Killed Erolcha
 10082 | D:9      | Killed Gastronok
 10444 | D:9      | Found a bloodstained altar of Trog.
 10554 | D:9      | Found a glowing golden altar of the Shining One.
 10657 | D:10     | Entered Level 10 of the Dungeon
 10657 | D:10     | Found Ura Giuv's Armour Boutique.
 10842 | D:10     | Found Seoneorod's General Store.
 11023 | D:10     | Reached XP level 11. HP: 122/122 MP: 14/14
 11213 | D:10     | Found a staircase to the Lair.
 11404 | D:10     | Found Ocegy's Gadget Shop.
 11409 | D:10     | Bought a wand of digging (6) for 220 gold pieces
 11661 | D:10     | Noticed Joseph
 11666 | D:10     | Killed Joseph
 11666 | D:10     | Reached skill level 10 in Shields
 11686 | D:10     | Found Xeyloare's Antique Armour Emporium.
 11738 | D:10     | Found Luicecoz's Jewellery Emporium.
 11753 | D:10     | Bought the ring "Fomif" {Dex+2 SInv} for 340 gold pieces
 11871 | D:10     | Reached skill level 1 in Long Blades
 12116 | D:11     | Found a portal to a secret trove of treasure.
 12189 | D:11     | Noticed a two-headed ogre
 12194 | D:11     | Killed a two-headed ogre
 12463 | D:12     | Found Ufocen's Weapon Emporium.
 12497 | D:12     | Noticed Rupert
 12506 | D:12     | Noticed a two-headed ogre
 12841 | D:12     | Killed Rupert
 12841 | D:12     | Reached skill level 5 in Long Blades
 12847 | D:12     | Killed a two-headed ogre
 13154 | D:12     | Noticed Nessos
 13181 | D:12     | Killed Nessos
 13326 | D:12     | Reached XP level 12. HP: 132/132 MP: 15/15
 14023 | D:13     | Noticed Josephine
 14045 | D:12     | Killed Josephine
 14545 | D:13     | Killed a vault guard
 14597 | D:13     | Noticed Sonja
 14609 | D:13     | Killed Sonja
 15036 | D:13     | Killed a vault guard
 15303 | D:13     | Noticed a vault guard
 15337 | D:13     | Killed a vault guard
 15353 | D:13     | Noticed a vault guard
 15367 | D:13     | Killed a vault guard
 15367 | D:13     | Reached skill level 10 in Dodging
 15383 | D:13     | Found a gate to the Vaults.
 15845 | D:14     | Reached skill level 10 in Long Blades
 16279 | D:14     | Reached XP level 13. HP: 59/140 MP: 16/16
 16929 | D:15     | Entered Level 15 of the Dungeon
 17134 | D:15     | Noticed Azrael
 17167 | D:15     | Killed Azrael
 17530 | D:15     | Reached skill level 12 in Fighting
 18218 | D:15     | Found a staircase to the Depths.
 19070 | Lair:1   | Entered Level 1 of the Lair of Beasts
 19360 | Lair:1   | Noticed Harold
 19370 | Lair:1   | Killed Harold
 20219 | Lair:2   | Reached XP level 14. HP: 152/152 MP: 17/17
 21583 | Lair:3   | Reached skill level 13 in Fighting
 21937 | Lair:3   | Found a staircase to the Snake Pit.
 22693 | Lair:4   | Found a staircase to the Shoals.
 23021 | Lair:4   | Upgraded the game from 0.23.1 to 0.23.1-37-gaa34b87
 23528 | Lair:5   | Found a frozen archway.
 24294 | Lair:6   | Entered Level 6 of the Lair of Beasts
 24880 | Lair:6   | Found a runed translucent gate.
 24880 | Lair:6   | Found a runed translucent gate.
 24882 | Lair:6   | Found a runed translucent gate.
 24930 | Lair:6   | Found a runed translucent door.
 24931 | Lair:6   | Found a viscous altar of Jiyva.
 24933 | Lair:6   | Found a staircase to the Slime Pits.
 25029 | Lair:6   | Reached XP level 15. HP: 163/163 MP: 18/18
 25580 | Lair:6   | Noticed misha's ghost (adept MiFi)
 25581 | Lair:6   | Found a viscous altar of Jiyva.
 26383 | Lair:6   | Reached skill level 14 in Fighting
 26415 | Lair:6   | Killed misha's ghost
 26565 | Lair:6   | Got a bloodstained whip
 26614 | Slime:1  | Entered Level 1 of the Pits of Slime
 27023 | Shoals:1 | Entered Level 1 of the Shoals
 27130 | Shoals:1 | Identified the cursed +1 whip "Jiuhoaxt" {slash, rC+ Str-3
                  | Int+3 Dex+2} (You found it on level 6 of the Lair of
                  | Beasts)
 27336 | Orc:1    | Entered Level 1 of the Orcish Mines
 27770 | Orc:1    | Paralysed by an orc sorcerer for 4 turns
 27997 | Orc:1    | Paralysed by an orc sorcerer for 5 turns
 28186 | Orc:1    | Upgraded the game from 0.23.1-37-gaa34b87 to 0.23.2
 28195 | Orc:2    | Entered Level 2 of the Orcish Mines
 28241 | Orc:2    | Found a burning altar of Makhleb.
 28246 | Orc:2    | Found a staircase to the Elven Halls.
 28329 | Orc:2    | Found Enijair's Jewellery Boutique.
 28829 | Orc:2    | Found Yfiteutu's Book Shop.
 28835 | Orc:2    | Found Yshural's Weapon Shoppe.
 28999 | Orc:2    | Found Igyox's Jewellery Shop.
 30520 | Elf:1    | Entered Level 1 of the Elven Halls
 30723 | Elf:1    | Reached XP level 16. HP: 148/176 MP: 19/19
 30851 | Elf:1    | Reached skill level 15 in Fighting
 31459 | Elf:1    | Identified the +6 long sword "Duck" {freeze, +Blink}
 31621 | Elf:1    | Upgraded the game from 0.23.2 to 0.23.2-30-g0e89c35649
 31842 | Elf:1    | Got a crude chain mail
 31843 | Elf:1    | Identified the cursed +0 chain mail of Gozag's Benevolence
                  | {rElec} (You found it on level 1 of the Elven Halls)
 32293 | Elf:2    | Found a huge runed translucent gate.
 32293 | Elf:2    | Found a huge runed translucent gate.
 32293 | Elf:2    | Found a huge runed translucent gate.
 32293 | Elf:2    | Found a huge runed translucent gate.
 32294 | Elf:2    | Found a huge runed translucent gate.
 33322 | Elf:2    | Reached skill level 16 in Fighting
 33574 | Elf:2    | Noticed Aizul
 33602 | Elf:2    | Killed from afar by Aizul

Skill      XL: |  1  2  3  4  5  6  7  8  9 10 11 12 13 14 15 16 |
---------------+-------------------------------------------------+-----
Fighting       | 3 7 9 10 11 12 13 14 16 | 16.0
Dodging        | 1 6 7 8 9 10 11 12 | 12.3
Shields        | 3 5 6 7 8 9 10 11 12 13 14 | 14.9
Short Blades   | 3 4 |  4.1
Armour         | 3 |  3.1
Long Blades    | 6 10 12 13 14 | 14.8

Action                   |  1- 3 |  4- 6 |  7- 9 | 10-12 | 13-15 | 16-18 || total
-------------------------+-------+-------+-------+-------+-------+-------++-------
Melee: Dagger            |   151 |   174 |   914 |   418 |       |       ||  1657
       Rapier            |    11 |       |       |       |       |       ||    11
       Headbutt          |       |       |    32 |   391 |   774 |   208 ||  1405
       Demon blade       |       |       |       |   536 |  1549 |   602 ||  2687
       Scimitar          |       |       |       |       |   244 |       ||   244
Evoke: Wand              |       |       |       |     1 |     3 |       ||     4
  Use: Scroll            |    10 |     1 |    16 |    10 |    16 |     3 ||    56
       Potion            |     1 |     1 |     5 |     4 |     2 |     2 ||    15
 Stab: Sleeping          |       |       |     3 |     4 |     6 |     1 ||    14
       Distracted        |       |       |       |     1 |     1 |       ||     2
  Eat: Ration            |     1 |     1 |     7 |     8 |    14 |     3 ||    34
Armor: Scale mail        |     7 |       |       |       |       |       ||     7
       Chain mail        |    81 |    38 |    87 |       |       |       ||   206
       Skin              |       |       |    10 |       |       |       ||    10
       Plate armour      |       |       |     8 |       |       |       ||     8
       Leather armour    |       |       |    59 |   118 |    54 |       ||   231
       Troll leather arm |       |       |       |       |   153 |    53 ||   206
Dodge: Dodged            |    35 |    57 |   288 |   428 |   614 |   171 ||  1593
Block: Shield            |    80 |    69 |   434 |   822 |  1394 |   407 ||  3206
       Reflection        |       |       |       |    11 |    31 |    37 ||    79
       Rpst.: Demon blade |       |       |       |    72 |   114 |    42 ||   228
       Scimitar          |       |       |       |       |    15 |       ||    15
